 Dungeon Crawl Stone Soup version 0.17-a0-1522-g6c5b4ba (webtiles) character file.

11 Goblin1989 the Ruffian (level 2, -1/23 HPs)
             Began as a Draconian Transmuter on July 14, 2015.
             Slain by a worm (5 damage)
             ... on level 1 of the Dungeon.
             The game lasted 00:00:58 (161 turns).

Goblin1989 the Ruffian (Draconian Transmuter)        Turns: 161, Time: 00:00:58

Health: -1/23      AC:  4    Str: 12    XL:     2   Next: 13%
Magic:  4/5        EV: 12    Int: 13    God:
Gold:   0          SH:  0    Dex: 11    Spells: 1 memorised, 4 levels left

rFire  . . .     SeeInvis .       - Unarmed
rCold  . . .     Clarity  .     (armour unavailable)
rNeg   . . .     SustAt   .     (no shield)
rPois  .         Gourm    .     (helmet restricted)
rElec  .         Spirit   .     (no cloak)
rCorr  .         Warding  .     (no gloves)
rMut   .         Stasis   .     (boots currently unavailable)
MR     .....                    (no amulet)
Stlth  +.........               (no ring)
                                (no ring)

@: appendage, not resistant to hostile enchantments, very unstealthy
A: unfitting armour, talons 3, cold-blooded, AC +4
a: End Transformation


You were on level 1 of the Dungeon.
You were not hungry.
You had grown temporary talons.
You visited 1 branch of the dungeon, and saw 1 of its levels.

Inventory:

Missiles
 a - 12 arrows
Scrolls
 e - a scroll of enchant weapon {unknown}
 h - a scroll of random uselessness {unknown}
Potions
 d - a potion of curing {unknown}
 f - a potion of cure mutation {unknown}
 g - a potion of heal wounds {unknown}
Books
 b - a book of Changes

   Spells                             Type                      Level
   a - Beastly Appendage              Transmutation                1
   b - Sticks to Snakes               Transmutation                2
   c - Spider Form                    Transmutation/Poison         3
   d - Ice Form                       Ice/Transmutation            4
   e - Blade Hands                    Transmutation                5
Comestibles
 c - a bread ration


   Skills:
 - Level 1.1 Fighting
 - Level 1.7 Dodging
 + Level 3.6 Unarmed Combat
 - Level 2.0 Spellcasting
 - Level 2.0 Transmutations


You had 4 spell levels left.
You knew the following spells:

 Your Spells              Type           Power        Failure   Level  Hunger
a - Beastly Appendage     Trmt           #.....       12%         1    ##.....


Dungeon Overview and Level Annotations

Branches:
Dungeon (1/15)

Altars:


Innate Abilities, Weirdness & Mutations

Your plain brown scales are hard (AC +4).
Your body does not fit into most forms of armour.
You are cold-blooded and may be slowed by cold attacks.
You have claws for feet.


Message History

You hit the worm but do no damage.
The worm is almost dead.
You hit the worm but do no damage. You claw the worm, but do no damage.
The worm is almost dead.
The worm bites you.
* * * LOW HITPOINT WARNING * * *
You hit the worm. You tail-slap the worm.
The worm is almost dead.
Things that are here:
a goblin corpse; a bat corpse; a giant gecko corpse
Casting: Beastly Appendage
Confirm with . or Enter, or press ? or * to list all spells.
You extend your transformation's duration.
You hit the worm.
Your tail-slap misses the worm.
The worm is almost dead.
The goblin barely misses you.
You barely miss the worm.
The worm is almost dead.
The goblin hits you but does no damage. The worm bites you.
You die...

.......#.........# ... ###†###..
.......#.........#..#####p#.#9#..
.......#.........#......###.###..
#......................##o#.#f#..
##....)###.......#.$#...###.###..
####..#####.###.#..# .#h#.#e##.
#...##....# #†#..#.(.###.####.
###..##..######wg......#H#.#m##.
##...)...# #.@..##...###.####.
#...†..###..........# #.#.#n#..
.......# ...............###.###
.......# ............####T#.#p#
#.....## ........>...# ###.###
##....# #..........## #i#.#Q#
###.## ##...##...## ###.### ..#
#### ##### #O#.#d# ... ###.###


You could see a worm and a goblin.

Vanquished Creatures
  A giant gecko (D:1)
  A bat (D:1)
  A hobgoblin (D:1)
  A kobold (D:1)
  A giant newt (D:1)
  3 goblins (D:1)
  A rat (D:1)
9 creatures vanquished.

Notes
Turn   | Place    | Note
--------------------------------------------------------------
     0 | D:1      | Goblin1989 the Draconian Transmuter began the quest for the Orb.
     0 | D:1      | Reached XP level 1. HP: 16/16 MP: 3/3
     2 | D:1      | Noticed an octopode
     2 | D:1      | Noticed a naga
     4 | D:1      | Noticed a vampire
     4 | D:1      | Noticed a centaur
     6 | D:1      | Noticed a dwarf
     8 | D:1      | Noticed a human
     8 | D:1      | Noticed a demonspawn
    10 | D:1      | Noticed a formicid
    12 | D:1      | Noticed an ogre
    12 | D:1      | Noticed a draconian
    14 | D:1      | Noticed a spriggan
    14 | D:1      | Noticed a tengu
    16 | D:1      | Noticed a troll
    16 | D:1      | Noticed a demigod
    18 | D:1      | Noticed a ghoul
    20 | D:1      | Noticed a minotaur
    20 | D:1      | Noticed a merfolk
    22 | D:1      | Noticed a felid
    22 | D:1      | Noticed an elf
    24 | D:1      | Noticed a vine stalker
    26 | D:1      | Noticed a gargoyle
   127 | D:1      | Reached XP level 2. HP: 23/23 MP: 3/5
   161 | D:1      | Slain by a worm

Vault maps used:
D:1:      kb_arrival_jail

Action                   || total
-------------------------++-------
Melee: Unarmed           ||    40
 Cast: Beastly Appendage ||     3
 Stab: Sleeping          ||     1
